 Dungeon Sprint DCSS version 0.27.1-33-g824d729ab1 (webtiles) character file.

Game seed: 4875480933113181682

2913 Adenis the Imperceptible (level 9, -3/106 HPs)
             Began as a Vampire Brigand on Dec 7, 2021.
             Was a Priest of Trog.
             Slain by a centaur warrior (6 damage)
             ... in the Dungeon (Sprint I: "Red Sonja").
             The game lasted 00:02:45 (307 turns).

Adenis the Imperceptible (Vampire Brigand)           Turns: 307, Time: 00:02:46

Health: -3/106     AC:  3    Str: 10    XL:     9   Next: 49%
Magic:  9/9        EV: 13    Int: 13    God:    Trog [***...]
Gold:   822        SH:  0    Dex: 19    Spells: 8/8 levels left

rFire    . . .     SeeInvis +   a - +2 dagger
rCold    . . .     Faith    .   (no shield)
rNeg     . . .     Spirit   .   b - +0 robe
rPois    .         Reflect  .   (no helmet)
rElec    .         Harm     .   c - +0 cloak
rCorr    .         Rampage  .   (no gloves)
Will     .....     NoTele   +   (no boots)
Stlth    ..........             (no amulet)
HPRegen  0.47/turn              (no ring)
MPRegen  0.11/turn              (no ring)

@: berserking, healing quickly, very quick
A: alive, fangs 3, see invisible, vampiric 2
a: Exsanguinate, Renounce Religion, Berserk, Trog's Hand


You were in the Dungeon.
You worshipped Trog.
Trog was most pleased with you.
You visited 1 branch You collected 822 gold pieces.

Inventory:

Hand Weapons
 a - a +2 dagger (weapon)
Missiles
 d - 8 poisoned darts (quivered)
 e - 6 curare-tipped darts
Armour
 b - a +0 robe (worn)
 c - a +0 cloak (worn)
Wands
 l - a wand of polymorph (5)
Scrolls
 k - a scroll of blinking
 o - a scroll of identify {unknown}
 p - a scroll of amnesia {unknown}
Potions
 f - 3 potions of curing
 g - a potion of heal wounds
 h - a potion of haste
 i - 2 potions of magic
 j - a potion of berserk rage
 m - a potion of attraction {unknown}
 n - 2 potions of flight {unknown}
 q - a potion of lignification {unknown}


   Skills:
 + Level 6.5 Fighting
 + Level 8.9 Short Blades
 + Level 5.0 Throwing
 + Level 3.1 Dodging
 + Level 24.9 Stealth


You had 8 spell levels left.
You didn't know any spells.
Your spell library was empty.

Dungeon Overview and Level Annotations

Branches:
Dungeon (1/1)

Altars:
Cheibriados
Dithmenos
Elyvilon
Fedhas
Gozag
Hepliaklqana
Kikubaaqudgha
Makhleb
Nemelex Xobeh
Okawaru
Qazlal
Ru
Sif Muna
Trog
Uskayaw
Vehumet
Wu Jian
Xom
Yredelemnul
Zin
The Shining One
Jiyva
Lugonu

Shops:
D *[[


Innate Abilities, Weirdness & Mutations

Your natural rate of healing is accelerated.
You have razor-sharp teeth.
You have supernaturally acute eyesight. (SInv)
You are afflicted with vampirism and can become a bat while bloodless.


Message History

The centaur warrior is heavily wounded.
The centaur warrior barely misses you. The centaur warrior closely misses you.
You puncture the centaur warrior!
The centaur warrior is severely wounded.
The centaur warrior closely misses you. x2
You hit the centaur warrior. You bite the centaur warrior.
The centaur warrior is almost dead.
The centaur warrior hits you.
* * * LOW HITPOINT WARNING * * *
The centaur warrior closely misses you. The centaur warrior hits you.
* * * LOW HITPOINT WARNING * * *
The centaur warrior kicks you but does no damage.
You hit the centaur warrior but do no damage.
The centaur warrior is almost dead.
The centaur warrior hits you.
* * * LOW HITPOINT WARNING * * *
The centaur warrior kicks you but does no damage.
You barely miss the centaur warrior.
The centaur warrior is almost dead.
The centaur warrior hits you but does no damage.
The centaur warrior kicks you.
* * * LOW HITPOINT WARNING * * *
You barely miss the centaur warrior. You bite the centaur warrior!
You kill the centaur warrior!
Trog accepts your kill.
Your Throwing skill increases to level 5!
Your Dodging skill increases to level 3!
Your Stealth skill increases to level 24!
You hit the centaur warrior. Your bite misses the centaur warrior.
The centaur warrior is lightly wounded.
The centaur warrior hits you.
* * * LOW HITPOINT WARNING * * *
The centaur warrior kicks you but does no damage.
You puncture the centaur warrior!
The centaur warrior is moderately wounded.
Okay, then.
You barely miss the centaur warrior.
The centaur warrior is moderately wounded.
The centaur warrior hits you.
You die...

#######################
#.)'..#.)'..#__#..'..)#
'..#.)'..#..'..'..#...#
#####'#####'#__####)..+
####..#...#.####$§#####
#__####..##.#≈§§§§#
#_____##'#_.'§§§)c+
#_.∩...'..._#§§§@.#
#_..__##_.#'##§####
#_____###'#.#(§.)###
#########.####+###[##
.......'...'..[..'(∩#
++++####.).##########
###.### #.#'#.# #.....#


You could see a centaur warrior.

Vanquished Creatures
  A centaur warrior (D)
  Sonja (D)
  A deep troll (D)
  2 kobold demonologists (D)
  A slime creature (D)
  Sigmund (D)
  A yak (D)
  A floating eye (D)
  An ogre (D)
  A jelly (D)
  Ijyb (D)
  A ballistomycete spore (D)
13 creatures vanquished.

Vanquished Creatures (others)
  A gargoyle (D)
  A ballistomycete spore (D)
2 creatures vanquished.

Grand Total: 15 creatures vanquished

Notes
Turn   | Place    | Note
-------+----------+-------------------------------------------
     0 | D        | Adenis the Vampire Brigand began the quest for the Orb.
     0 | D        | Reached XP level 1. HP: 16/16 MP: 1/1
     2 | D        | Noticed Ijyb
     4 | D        | Killed Ijyb
     5 | D        | Reached skill level 9 in Stealth
     5 | D        | Reached XP level 2. HP: 23/23 MP: 2/2
     7 | D        | Noticed an ogre
    10 | D        | Killed an ogre
    11 | D        | Reached skill level 12 in Stealth
    11 | D        | Gained mutation: You are afflicted with vampirism and can
                  | become a bat while bloodless. [Vampire growth]
    11 | D        | Reached XP level 3. HP: 29/29 MP: 3/3
    11 | D        | Reached XP level 4. HP: 35/35 MP: 4/4
    21 | D        | Noticed Sigmund
    24 | D        | Killed Sigmund
    25 | D        | Reached skill level 5 in Short Blades
    25 | D        | Reached skill level 15 in Stealth
    25 | D        | Reached XP level 5. HP: 42/42 MP: 5/5
    25 | D        | Reached XP level 6. HP: 48/48 MP: 6/6
    38 | D        | Found an ornate altar of the Wu Jian Council.
    38 | D        | Found a shimmering blue altar of Sif Muna.
    40 | D        | Found a radiant altar of Vehumet.
    45 | D        | Reached skill level 16 in Stealth
    47 | D        | Found Niasmud's Antique Armour Emporium.
    47 | D        | Found an ancient bone altar of Kikubaaqudgha.
    47 | D        | Found a hazy altar of Hepliaklqana.
    47 | D        | Found a stormy altar of Qazlal.
    47 | D        | Found a hide-covered altar of Uskayaw.
    47 | D        | Found a blossoming altar of Fedhas.
    47 | D        | Found a bloodstained altar of Trog.
    47 | D        | Found an iron altar of Okawaru.
    47 | D        | Found a basalt altar of Yredelemnul.
    47 | D        | Found a snail-covered altar of Cheibriados.
    47 | D        | Found a sacrificial altar of Ru.
    47 | D        | Found a shadowy altar of Dithmenos.
    47 | D        | Noticed a yak
    48 | D        | Found an opulent altar of Gozag.
    49 | D        | Killed a yak
    50 | D        | Reached skill level 17 in Stealth
    50 | D        | Found a sparkling altar of Nemelex Xobeh.
    57 | D        | Became a worshipper of Trog the Wrathful
    74 | D        | Found a burning altar of Makhleb.
    74 | D        | Found a viscous altar of Jiyva.
    74 | D        | Found a shimmering altar of Xom.
    74 | D        | Found a corrupted altar of Lugonu.
    74 | D        | Noticed a slime creature
    77 | D        | Killed a slime creature
    78 | D        | Reached skill level 19 in Stealth
    78 | D        | Reached XP level 7. HP: 55/55 MP: 7/7
    88 | D        | Noticed Sonja
    92 | D        | Killed Sonja
    92 | D        | Reached * piety under Trog
    93 | D        | Reached skill level 5 in Fighting
    93 | D        | Reached skill level 21 in Stealth
    93 | D        | Reached XP level 8. HP: 63/63 MP: 8/8
   105 | D        | Noticed a deep troll
   109 | D        | Killed a deep troll
   110 | D        | Reached skill level 22 in Stealth
   119 | D        | Found Semnoergh's Armour Emporium.
   184 | D        | Found Kimituntuck's Assorted Antiques.
   202 | D        | Killed a gargoyle
   256 | D        | Noticed a kobold demonologist
   257 | D        | Noticed a kobold demonologist
   261 | D        | Killed a kobold demonologist
   261 | D        | Reached ** piety under Trog
   262 | D        | Reached skill level 23 in Stealth
   262 | D        | Reached XP level 9. HP: 69/69 MP: 9/9
   263 | D        | Killed a kobold demonologist
   285 | D        | Noticed a centaur warrior
   286 | D        | Noticed a centaur warrior
   304 | D        | Killed a centaur warrior
   304 | D        | Reached *** piety under Trog
   305 | D        | Reached skill level 5 in Throwing
   305 | D        | Reached skill level 24 in Stealth
   305 | D        | HP: 3/106 [centaur warrior (6)]
   307 | D        | Slain by a centaur warrior

Illustrated notes

Levels and vault maps discovered:
D:        dungeon_sprint_1 [red_sonja_temple_1, red_sonja_temple_small_1]

Skill      XL: |  1  2  3  4  5  6  7  8  9 |
---------------+----------------------------+-----
Fighting       | 2 3 4 5 6 |  6.5
Short Blades   | 3 4 5 6 7 8 |  8.9
Throwing       | 2 3 4 5 |  5.0
Stealth        | 9 12 15 19 21 23 24 | 24.9
Dodging        | 2 3 |  3.1

Action                   |  1- 3 |  4- 6 |  7- 9 || total
-------------------------+-------+-------+-------++-------
Melee: Dagger            |     2 |     4 |    18 ||    24
       Bite              |       |       |     4 ||     4
Invok: Berserk           |       |       |     1 ||     1
 Stab: Sleeping          |     2 |     4 |     6 ||    12
Armor: Robe              |       |       |     5 ||     5
Dodge: Dodged            |       |       |     6 ||     6
